Senateurs vs Blackhawks
(R1)
Created - February 24, 2023 at 20:18
Goals
|
| Senateurs |
0 |
4 |
1 |
5 |
| Blackhawks |
1 |
1 |
1 |
3 |
|
Shots
|
| Senateurs |
9 |
17 |
4 |
30 |
| Blackhawks |
5 |
11 |
7 |
23 |
|
1st period
1. Blackhawks , Antoine Roussel 16 (Derek Roy 23) at 12:17
Penalties :
Eric Gelinas (Ott) for Interference (Minor) at 16:36
2nd period
2. Senateurs , Evgeni Malkin 19 (Ladislav Smid 7) at 5:49 (PP)
3. Senateurs , David Backes 19 (Sidney Crosby 37) at 7:38 (PP)
4. Blackhawks , Jakob Silfverberg 18 (Johnny Gaudreau 30, Jordan Staal 26) at 10:41 (PP)
5. Senateurs , Michael Frolik 17 (Evgeni Malkin 15, Taylor Chorney 15) at 11:39
6. Senateurs , Sidney Crosby 23 (Brandon Sutter 15, David Backes 15) at 12:28 (PP)
Penalties :
Sidney Crosby (Ott) for Hooking (Minor) at 0:10, Jakob Silfverberg (Chi) for Hooking (Minor) at 5:18, Corey Perry (Chi) for Interference (Minor) at 7:00, Jason Akeson (Ott) for Goalie Interference (Minor) at 10:28, Johnny Gaudreau (Chi) for Tripping (Minor) at 12:17, Garnet Hathaway (Ott) for Holding (Minor) at 13:54, Derek Roy (Chi) for Holding (Minor) at 19:03
3rd period
7. Blackhawks , Jakob Silfverberg 19 (Johnny Gaudreau 31, Raphael Diaz 8) at 8:26
8. Senateurs , Jared Cowen 7 (Sidney Crosby 38) at 8:51 (PP)
Penalties :
Antoine Roussel (Chi) for Hooking (Minor) at 3:06, Cody Eakin (Ott) for Charging (Minor) at 5:22, Sean Zimmerman (Chi) for Tripping (Minor) at 8:38, Jared Cowen (Ott) for Tripping (Minor) at 9:15, David Backes (Ott) for Roughing (Minor) at 16:58
Goalie Stats
Jonathan Bernier (Ott), 20 saves from 23 shots - (0.870), W, 15-15-2, 60:00 minutes
Tuukka Rask (Chi), 25 saves from 30 shots - (0.833), L, 21-19-3, 60:00 minutes
Players Stats for Senateurs
Player Name G A P +/- PIM S H SB GA TA FO MP PP MP PK MP
------------------------------------------------------------------------------------
Brandon Sutter 0 1 1 0 0 1 0 0 1 1 5/7 15:37 3:15 1:24
Cody Eakin 0 0 0 0 2 0 0 0 0 0 1/3 7:31 0:00 0:00
David Backes 1 1 2 -1 2 2 0 0 1 1 1/1 15:45 3:15 0:00
Eric Gelinas 0 0 0 1 2 2 1 0 1 1 0/0 23:41 3:51 4:52
Evgeni Malkin 1 1 2 0 0 3 2 0 1 1 7/16 19:43 2:16 5:42
Garnet Hathaway 0 0 0 0 2 0 2 0 0 0 0/0 7:34 0:00 0:00
Jared Cowen 1 0 1 -2 2 3 2 3 1 1 0/0 24:30 3:51 4:04
Jason Akeson 0 0 0 0 2 4 0 0 0 0 0/0 9:46 0:00 0:00
Jeff Woywitka 0 0 0 1 0 1 2 3 1 0 0/0 22:08 1:40 7:35
Jordan Martinook 0 0 0 0 0 0 0 0 0 0 0/0 8:11 0:00 0:25
Ladislav Smid 0 1 1 -2 0 2 1 2 0 0 0/0 25:45 1:40 6:01
Michael Frolik 1 0 1 0 0 2 0 0 0 0 1/1 13:31 2:16 0:00
Michael Matheson 0 0 0 0 0 0 0 0 0 0 0/0 12:25 0:00 0:30
Rostislav Olesz 0 0 0 0 0 5 2 1 0 0 0/0 17:33 0:00 5:56
Sean Bergenheim 0 0 0 -1 0 1 2 0 1 1 1/2 21:23 2:16 5:46
Sidney Crosby 1 2 3 -1 2 4 3 1 0 0 17/39 20:42 3:15 5:01
Taylor Chorney 0 1 1 0 0 0 0 1 0 1 0/0 12:20 0:00 1:12
Tim Schaller 0 0 0 0 0 0 0 0 0 0 0/0 9:41 0:00 0:00
Players Stats for Blackhawks
Player Name G A P +/- PIM S H SB GA TA FO MP PP MP PK MP
------------------------------------------------------------------------------------
Antoine Roussel 1 0 1 0 2 3 1 0 0 0 0/1 18:56 5:31 3:01
Ben Harpur 0 0 0 0 0 1 0 0 0 1 0/0 10:33 0:00 0:00
Blake Wheeler 0 0 0 0 0 3 0 0 0 1 0/1 9:49 0:12 0:00
Brett Maclean 0 0 0 0 0 0 1 0 0 0 0/1 10:48 0:25 0:56
Calvin de Haan 0 0 0 0 0 0 1 1 0 0 0/0 10:33 0:00 0:00
Corey Perry 0 0 0 0 2 1 0 0 0 0 0/1 15:29 5:31 0:00
Derek Roy 0 1 1 0 2 0 0 0 1 0 7/9 16:25 5:31 0:35
Jakob Silfverberg 2 0 2 1 2 3 2 1 1 1 1/3 20:59 6:24 0:25
James Wright 0 0 0 0 0 3 0 0 0 0 2/6 10:41 0:00 1:22
Jamie McBain 0 0 0 1 0 2 1 1 1 1 0/0 28:21 6:47 3:43
Johnny Gaudreau 0 2 2 1 2 1 1 0 2 1 6/10 24:09 6:11 3:48
Jordan Staal 0 1 1 1 0 0 2 2 0 0 18/34 21:03 6:36 0:25
Mike Amadio 0 0 0 0 0 1 0 0 0 0 0/0 8:30 0:00 0:00
Nick Bonino 0 0 0 0 0 3 0 0 1 0 2/2 8:30 0:00 0:00
Radko Gudas 0 0 0 1 0 2 6 4 0 0 0/0 28:21 6:47 3:43
Raphael Diaz 0 1 1 0 0 0 0 4 0 1 0/0 21:06 5:20 1:48
Sean Zimmerman 0 0 0 0 2 0 1 0 0 0 0/0 21:05 5:20 1:48
Stefan Matteau 0 0 0 0 0 0 1 0 1 1 0/1 9:05 0:00 0:30
3 Stars
1 - Sidney Crosby (Ott)
2 - Evgeni Malkin (Ott)
3 - Jakob Silfverberg (Chi)
Power Play
Senateurs - 4 on 6 Attempt(s) - 66.67%
Blackhawks - 1 on 7 Attempt(s) - 14.29%
Penalty Kill
Senateurs - 6 on 7 Attempt(s) - 85.71%
- Score 0 goal in Penalty Kill
Blackhawks - 2 on 6 Attempt(s) - 33.33%
- Score 0 goal in Penalty Kill
Team Stat
Senateurs - Hits : 17 - Faceoff Wins : 33 - Blocked Shots : 11 - Penalty Minutes : 14
Blackhawks - Hits : 17 - Faceoff Wins : 36 - Blocked Shots : 13 - Penalty Minutes : 12
Official
Referees : Francois St. Laurent and Graham Skilliter
Linesman : Bevan Mills and Derek Amell
Game Notes
No Game Note
Finance
Level 1 -- Attendance: 5359 (89.32%) -- Ticket Income $535,900
Level 2 -- Attendance: 4828 (96.56%) -- Ticket Income $289,680
Level 3 -- Attendance: 1997 (99.85%) -- Ticket Income $69,895
Level 4 -- Attendance: 4000 (100.00%) -- Ticket Income $100,000
Luxury Box -- Attendance: 954 (95.40%) -- Ticket Income $190,800
Game was played at the United Center.
Total Attendance: 17138 (95.21%)
Total Ticket Income: $1,186,275
Other Income: $177,941
Total Income: $1,364,216
Senateurs
5 vs 5 Forward
Center Left Wing Right Wing Time % Phy DF OF
1 Sidney Crosby Sean Bergenheim David Backes 40 1 2 2
2 Evgeni Malkin Rostislav Olesz Michael Frolik 30 1 2 2
3 Brandon Sutter Tim Schaller Jason Akeson 20 1 2 2
4 Cody Eakin Jordan Martinook Garnet Hathaway 10 1 2 2
5 vs 5 Defense
Defense Defense Time % Phy DF OF
1 Jared Cowen Ladislav Smid 40 1 2 2
2 Eric Gelinas Jeff Woywitka 30 1 2 2
3 Taylor Chorney Michael Matheson 20 1 2 2
4 Eric Gelinas Ladislav Smid 10 1 2 2
PowerPlay Forward
Center Left Wing Right Wing Time % Phy DF OF
1 Sidney Crosby Brandon Sutter David Backes 60 0 1 4
2 Evgeni Malkin Sean Bergenheim Michael Frolik 40 0 1 4
PowerPlay Defense
Defense Defense Time % Phy DF OF
1 Jared Cowen Eric Gelinas 60 0 1 4
2 Ladislav Smid Jeff Woywitka 40 0 1 4
Penalty Kill 4 Players Forward
Center Wing Time % Phy DF OF
1 Sidney Crosby Sean Bergenheim 50 1 2 2
2 Evgeni Malkin Rostislav Olesz 50 1 2 2
Penalty Kill 4 Players Defense
Defense Defense Time % Phy DF OF
1 Jared Cowen Eric Gelinas 50 1 2 2
2 Ladislav Smid Jeff Woywitka 50 1 2 2
Penalty Kill - 3 Players Forward
Forward Time % Phy DF OF
1 Sidney Crosby 50 1 2 2
2 Evgeni Malkin 50 1 2 2
Penalty Kill - 3 Players Defense
Defense Defense Time % Phy DF OF
1 Jared Cowen Eric Gelinas 50 1 2 2
2 Ladislav Smid Jeff Woywitka 50 1 2 2
4 vs 4 Forward
Center Wing Time % Phy DF OF
1 Sidney Crosby Sean Bergenheim 60 1 2 2
2 Evgeni Malkin Rostislav Olesz 40 1 2 2
4 vs 4 Defense
Defense Defense Time % Phy DF OF
1 Jared Cowen Eric Gelinas 60 1 2 2
2 Ladislav Smid Jeff Woywitka 40 1 2 2
Last Minutes Offensive
Center Left Wing Right Wing Defense Defense
Sidney Crosby Sean Bergenheim David Backes Jared Cowen Eric Gelinas
Last Minutes Defensive
Center Left Wing Right Wing Defense Defense
Sidney Crosby Sean Bergenheim David Backes Jared Cowen Eric Gelinas
Goaltenders
Starting : Jonathan Bernier
Backup : Brian Elliott
Extra Forwards
Normal : Sean Bergenheim, Brandon Sutter, Jason Akeson - PP : Sean Bergenheim, Brandon Sutter - PK : Sean Bergenheim
Extra Defensemen
Normal : Jeff Woywitka, Taylor Chorney, Michael Matheson - PP : Jeff Woywitka - PK : Jeff Woywitka, Taylor Chorney
Penalty Shots
Sidney Crosby, Evgeni Malkin, David Backes, Michael Frolik, Sean Bergenheim
Scratches
Anthony Bitetto (Healthy), Linden Vey (Healthy)
Blackhawks
5 vs 5 Forward
Center Left Wing Right Wing Time % Phy DF OF
1 Jordan Staal Johnny Gaudreau Jakob Silfverberg 40 1 2 2
2 Derek Roy Antoine Roussel Corey Perry 30 1 2 2
3 James Wright Brett Maclean Blake Wheeler 20 1 2 2
4 Nick Bonino Stefan Matteau Mike Amadio 10 1 2 2
5 vs 5 Defense
Defense Defense Time % Phy DF OF
1 Radko Gudas Jamie McBain 40 1 2 2
2 Raphael Diaz Sean Zimmerman 30 1 2 2
3 Calvin de Haan Ben Harpur 20 1 2 2
4 Radko Gudas Jamie McBain 10 1 2 2
PowerPlay Forward
Center Left Wing Right Wing Time % Phy DF OF
1 Jordan Staal Johnny Gaudreau Jakob Silfverberg 60 1 2 2
2 Derek Roy Antoine Roussel Corey Perry 40 1 2 2
PowerPlay Defense
Defense Defense Time % Phy DF OF
1 Radko Gudas Jamie McBain 60 1 2 2
2 Raphael Diaz Sean Zimmerman 40 1 2 2
Penalty Kill 4 Players Forward
Center Wing Time % Phy DF OF
1 Johnny Gaudreau Antoine Roussel 60 1 2 2
2 Jordan Staal Jakob Silfverberg 40 1 2 2
Penalty Kill 4 Players Defense
Defense Defense Time % Phy DF OF
1 Radko Gudas Jamie McBain 60 1 2 2
2 Raphael Diaz Sean Zimmerman 40 1 2 2
Penalty Kill - 3 Players Forward
Forward Time % Phy DF OF
1 Johnny Gaudreau 60 1 2 2
2 Antoine Roussel 40 1 2 2
Penalty Kill - 3 Players Defense
Defense Defense Time % Phy DF OF
1 Radko Gudas Jamie McBain 60 1 2 2
2 Raphael Diaz Sean Zimmerman 40 1 2 2
4 vs 4 Forward
Center Wing Time % Phy DF OF
1 Johnny Gaudreau Antoine Roussel 60 1 2 2
2 Jordan Staal Jakob Silfverberg 40 1 2 2
4 vs 4 Defense
Defense Defense Time % Phy DF OF
1 Radko Gudas Jamie McBain 60 1 2 2
2 Raphael Diaz Sean Zimmerman 40 1 2 2
Last Minutes Offensive
Center Left Wing Right Wing Defense Defense
Jordan Staal Johnny Gaudreau Jakob Silfverberg Radko Gudas Jamie McBain
Last Minutes Defensive
Center Left Wing Right Wing Defense Defense
Jordan Staal Johnny Gaudreau Jakob Silfverberg Radko Gudas Jamie McBain
Goaltenders
Starting : Tuukka Rask
Backup : Joe Cannata
Extra Forwards
Normal : Brett Maclean, Blake Wheeler, James Wright - PP : Brett Maclean, Blake Wheeler - PK : James Wright
Extra Defensemen
Normal : Calvin de Haan, Ben Harpur, Raphael Diaz - PP : Calvin de Haan - PK : Ben Harpur, Raphael Diaz
Penalty Shots
Johnny Gaudreau, Antoine Roussel, Jordan Staal, Jakob Silfverberg, Corey Perry
Scratches
Petter Granberg (Healthy)
% Time on Ice - Senateurs
Lines # - Real PCT - Wanted PCT - Time Play
Normal Forward
1 - 31% - 40% - 13:04
2 - 29% - 30% - 12:05
3 - 23% - 20% - 9:41
4 - 18% - 10% - 7:32
Normal Defense
1 - 41% - 40% - 17:18
2 - 29% - 30% - 12:06
3 - 26% - 20% - 10:59
4 - 5% - 10% - 1:59
PP Forward
1 - 59% - 60% - 3:15
2 - 41% - 40% - 2:16
PP Defense
1 - 70% - 60% - 3:51
2 - 30% - 40% - 1:40
PK Forward
1 - 51% - 50% - 6:11
2 - 49% - 50% - 5:56
PK Defense
1 - 54% - 50% - 6:29
2 - 46% - 50% - 5:38
PK3 Forward
1 - 0% - 50%
2 - 0% - 50%
PK3 Defense
1 - 0% - 50%
2 - 0% - 50%
44 Forward
1 - 0% - 60%
2 - 0% - 40%
44 Defense
1 - 0% - 60%
2 - 0% - 40%
Last Minute Offensive - 0:00
Last Minute Defensive - 0:00
Total
Forward - 60:00
Defense - 60:00
|
% Time on Ice - Blackhawks
Lines # - Real PCT - Wanted PCT - Time Play
Normal Forward
1 - 35% - 40% - 14:57
2 - 24% - 30% - 9:59
3 - 21% - 20% - 8:56
4 - 20% - 10% - 8:30
Normal Defense
1 - 38% - 40% - 16:14
2 - 33% - 30% - 13:58
3 - 25% - 20% - 10:33
4 - 4% - 10% - 1:37
PP Forward
1 - 54% - 60% - 6:36
2 - 46% - 40% - 5:31
PP Defense
1 - 56% - 60% - 6:47
2 - 44% - 40% - 5:20
PK Forward
1 - 92% - 60% - 5:06
2 - 8% - 40% - 0:25
PK Defense
1 - 67% - 60% - 3:43
2 - 33% - 40% - 1:48
PK3 Forward
1 - 0% - 60%
2 - 0% - 40%
PK3 Defense
1 - 0% - 60%
2 - 0% - 40%
44 Forward
1 - 0% - 60%
2 - 0% - 40%
44 Defense
1 - 0% - 60%
2 - 0% - 40%
Last Minute Offensive - 0:00
Last Minute Defensive - 0:00
Total
Forward - 60:00
Defense - 60:00
|
Play-by-Play
1st period
0:01 of 1st period - Jordan Staal wins face-off versus Sidney Crosby in neutral zone.
0:36 of 1st period - Slapshot by Rostislav Olesz.
0:36 of 1st period - Stopped by Tuukka Rask without a rebound.
0:37 of 1st period - Brandon Sutter wins face-off versus Blake Wheeler in Blackhawks zone.
1:14 of 1st period - Snap shot by Stefan Matteau.
1:14 of 1st period - Shot Misses the Net.
3:05 of 1st period - Wrist shot by Eric Gelinas.
3:05 of 1st period - Stopped by Tuukka Rask with a rebound.
3:25 of 1st period - Slapshot by Johnny Gaudreau.
3:25 of 1st period - Shot Blocked by Jeff Woywitka.
3:27 of 1st period - Snap shot by Jordan Staal.
3:27 of 1st period - Shot Misses the Net.
3:33 of 1st period - Snap shot by Jordan Staal.
3:33 of 1st period - Shot Misses the Net.
3:52 of 1st period - Snap shot by Jason Akeson.
3:52 of 1st period - Stopped by Tuukka Rask without a rebound.
3:53 of 1st period - Sidney Crosby wins face-off versus Jordan Staal in Blackhawks zone.
3:54 of 1st period - Snap shot by Sean Bergenheim.
3:54 of 1st period - Stopped by Tuukka Rask without a rebound.
3:55 of 1st period - Sidney Crosby wins face-off versus Jordan Staal in Blackhawks zone.
3:58 of 1st period - Snap shot by Sean Bergenheim.
3:58 of 1st period - Deflect By David Backes.
3:58 of 1st period - Shot Hit the Post.
3:58 of 1st period - Puck is out of play.
3:59 of 1st period - Jordan Staal wins face-off versus Sidney Crosby in Blackhawks zone.
3:59 of 1st period - Jordan Staal is hit by Sidney Crosby.
4:13 of 1st period - Jakob Silfverberg is hit by Ladislav Smid and loses puck.
6:24 of 1st period - Off-side.
6:25 of 1st period - Cody Eakin wins face-off versus James Wright in neutral zone.
6:40 of 1st period - Snap shot by James Wright.
6:40 of 1st period - Deflect By Michael Matheson.
6:40 of 1st period - Shot Misses the Net.
6:40 of 1st period - Puck is out of play.
6:41 of 1st period - Jordan Staal wins face-off versus Sidney Crosby in Senateurs zone.
6:50 of 1st period - Snap shot by Sean Bergenheim.
6:50 of 1st period - Shot Blocked by Radko Gudas.
6:52 of 1st period - Slapshot by Eric Gelinas.
6:52 of 1st period - Deflect By Sidney Crosby.
6:52 of 1st period - Stopped by Tuukka Rask with a rebound.
6:54 of 1st period - Slapshot by Sidney Crosby.
6:54 of 1st period - Stopped by Tuukka Rask without a rebound.
6:55 of 1st period - Evgeni Malkin wins face-off versus Jordan Staal in Blackhawks zone.
7:00 of 1st period - Slapshot by Rostislav Olesz.
7:00 of 1st period - Shot Misses the Net.
7:22 of 1st period - Sidney Crosby is hit by Jamie McBain and loses puck.
7:43 of 1st period - Slapshot by James Wright.
7:43 of 1st period - Stopped by Jonathan Bernier with a rebound.
7:45 of 1st period - Snap shot by Blake Wheeler.
7:45 of 1st period - Shot Misses the Net.
8:08 of 1st period - Icing by Raphael Diaz.
8:09 of 1st period - Nick Bonino wins face-off versus Cody Eakin in Blackhawks zone.
8:28 of 1st period - Slapshot by Ladislav Smid.
8:28 of 1st period - Deflect By Sean Zimmerman.
8:28 of 1st period - Stopped by Tuukka Rask with a rebound.
9:10 of 1st period - Snap shot by Garnet Hathaway.
9:10 of 1st period - Shot Blocked by Raphael Diaz.
9:22 of 1st period - Michael Matheson is hit by Stefan Matteau and loses puck.
9:53 of 1st period - Snap shot by Taylor Chorney.
9:53 of 1st period - Shot Misses the Net.
10:05 of 1st period - Snap shot by Stefan Matteau.
10:05 of 1st period - Shot Misses the Net.
10:27 of 1st period - Snap shot by Stefan Matteau.
10:27 of 1st period - Deflect By Nick Bonino.
10:27 of 1st period - Stopped by Jonathan Bernier without a rebound.
10:28 of 1st period - Sidney Crosby wins face-off versus Jordan Staal in Senateurs zone.
10:33 of 1st period - Snap shot by Jordan Staal.
10:33 of 1st period - Shot Misses the Net.
10:35 of 1st period - Slapshot by Jamie McBain.
10:35 of 1st period - Shot Blocked by Jared Cowen.
10:59 of 1st period - Off-side.
11:00 of 1st period - Evgeni Malkin wins face-off versus Derek Roy in neutral zone.
11:05 of 1st period - Wrist shot by Evgeni Malkin.
11:05 of 1st period - Shot Blocked by Calvin de Haan.
11:11 of 1st period - Evgeni Malkin is hit by Calvin de Haan and loses puck.
11:26 of 1st period - Johnny Gaudreau is hit by Jeff Woywitka and loses puck.
11:37 of 1st period - Snap shot by Sidney Crosby.
11:37 of 1st period - Shot Misses the Net.
12:15 of 1st period - Slapshot by Antoine Roussel.
12:15 of 1st period - Shot Misses the Net.
12:17 of 1st period - Snap shot by Antoine Roussel.
12:17 of 1st period - Goal by Antoine Roussel - Senateurs : 0 - Blackhawks : 1.
12:18 of 1st period - Jordan Staal wins face-off versus Sidney Crosby in neutral zone.
12:25 of 1st period - Wrist shot by Jakob Silfverberg.
12:25 of 1st period - Stopped by Jonathan Bernier with a rebound.
12:27 of 1st period - Slapshot by Radko Gudas.
12:27 of 1st period - Shot Misses the Net.
12:41 of 1st period - Snap shot by Michael Frolik.
12:41 of 1st period - Shot Misses the Net.
12:43 of 1st period - Snap shot by Rostislav Olesz.
12:43 of 1st period - Stopped by Tuukka Rask without a rebound.
12:44 of 1st period - Derek Roy wins face-off versus Evgeni Malkin in Blackhawks zone.
13:06 of 1st period - Off-side.
13:07 of 1st period - Jordan Staal wins face-off versus Sidney Crosby in neutral zone.
13:39 of 1st period - Jason Akeson is hit by Radko Gudas and loses puck.
13:56 of 1st period - Slapshot by Brett Maclean.
13:56 of 1st period - Shot Misses the Net.
13:58 of 1st period - Slapshot by Jamie McBain.
13:58 of 1st period - Stopped by Jonathan Bernier without a rebound.
13:59 of 1st period - Sidney Crosby wins face-off versus Brett Maclean in Senateurs zone.
14:04 of 1st period - James Wright is hit by Sidney Crosby and loses puck.
14:25 of 1st period - Rostislav Olesz is hit by Jordan Staal and loses puck.
15:14 of 1st period - Sean Bergenheim is hit by Radko Gudas and loses puck.
16:21 of 1st period - Wrist shot by Jason Akeson.
16:21 of 1st period - Stopped by Tuukka Rask without a rebound.
16:22 of 1st period - Derek Roy wins face-off versus Sidney Crosby in Blackhawks zone.
16:29 of 1st period - Slapshot by Jamie McBain.
16:29 of 1st period - Shot Blocked by Jeff Woywitka.
16:36 of 1st period - Minor Penalty to Eric Gelinas for Interference.
16:37 of 1st period - Jordan Staal wins face-off versus Sean Bergenheim in Senateurs zone.
17:27 of 1st period - Sidney Crosby is hit by Jakob Silfverberg and loses puck.
18:36 of 1st period - Penalty to Eric Gelinas is over, Eric Gelinas is back on ice.
18:41 of 1st period - Eric Gelinas is hit by Radko Gudas and loses puck.
18:52 of 1st period - Snap shot by Nick Bonino.
18:52 of 1st period - Shot Misses the Net.
Goals for this period are 0 for Senateurs vs 1 for Blackhawks.
Shots for this period are 9 for Senateurs vs 5 for Blackhawks.
2nd period
0:01 of 2nd period - Jordan Staal wins face-off versus Sidney Crosby in neutral zone.
0:08 of 2nd period - Snap shot by Jakob Silfverberg.
0:08 of 2nd period - Shot Misses the Net.
0:10 of 2nd period - Minor Penalty to Sidney Crosby for Hooking.
0:11 of 2nd period - Brandon Sutter wins face-off versus Jordan Staal in Senateurs zone.
0:49 of 2nd period - Off-side.
0:50 of 2nd period - Brandon Sutter wins face-off versus Jordan Staal in neutral zone.
1:54 of 2nd period - Jordan Staal is hit by Evgeni Malkin and loses puck.
2:10 of 2nd period - Penalty to Sidney Crosby is over, Sidney Crosby is back on ice.
2:13 of 2nd period - Sean Bergenheim is hit by Radko Gudas and loses puck.
2:26 of 2nd period - Snap shot by Blake Wheeler.
2:26 of 2nd period - Stopped by Jonathan Bernier without a rebound.
2:27 of 2nd period - Nick Bonino wins face-off versus Cody Eakin in Senateurs zone.
2:32 of 2nd period - Backhand shot by Jamie McBain.
2:32 of 2nd period - Shot Misses the Net.
2:34 of 2nd period - Slapshot by Mike Amadio.
2:34 of 2nd period - Shot Blocked by Taylor Chorney.
2:40 of 2nd period - Wrist shot by Stefan Matteau.
2:40 of 2nd period - Shot Misses the Net.
2:42 of 2nd period - Slapshot by Nick Bonino.
2:42 of 2nd period - Shot Misses the Net.
2:44 of 2nd period - Snap shot by Mike Amadio.
2:44 of 2nd period - Stopped by Jonathan Bernier without a rebound.
2:45 of 2nd period - Michael Frolik wins face-off versus Jordan Staal in Senateurs zone.
2:57 of 2nd period - Icing by Johnny Gaudreau.
2:58 of 2nd period - Sidney Crosby wins face-off versus Jordan Staal in Blackhawks zone.
2:59 of 2nd period - Slapshot by David Backes.
2:59 of 2nd period - Shot Misses the Net.
3:01 of 2nd period - Wrist shot by Eric Gelinas.
3:01 of 2nd period - Deflect By Sidney Crosby.
3:01 of 2nd period - Shot Hit the Post.
3:01 of 2nd period - Puck is out of play.
3:02 of 2nd period - Jordan Staal wins face-off versus Sidney Crosby in Blackhawks zone.
3:37 of 2nd period - Snap shot by Rostislav Olesz.
3:37 of 2nd period - Stopped by Tuukka Rask without a rebound.
3:38 of 2nd period - Derek Roy wins face-off versus Evgeni Malkin in Blackhawks zone.
3:38 of 2nd period - Derek Roy is hit by Evgeni Malkin.
3:50 of 2nd period - Snap shot by Antoine Roussel.
3:50 of 2nd period - Stopped by Jonathan Bernier with a rebound.
4:47 of 2nd period - Eric Gelinas is hit by Radko Gudas and loses puck.
5:04 of 2nd period - Eric Gelinas is hit by Jakob Silfverberg and loses puck.
5:18 of 2nd period - Minor Penalty to Jakob Silfverberg for Hooking.
5:19 of 2nd period - Johnny Gaudreau wins face-off versus Sidney Crosby in Blackhawks zone.
5:49 of 2nd period - Snap shot by Evgeni Malkin.
5:49 of 2nd period - Goal by Evgeni Malkin - Senateurs : 1 - Blackhawks : 1.
5:50 of 2nd period - Johnny Gaudreau wins face-off versus Sidney Crosby in neutral zone.
5:59 of 2nd period - Snap shot by Johnny Gaudreau.
5:59 of 2nd period - Shot Misses the Net.
6:01 of 2nd period - Slapshot by Radko Gudas.
6:01 of 2nd period - Stopped by Jonathan Bernier with a rebound.
6:19 of 2nd period - Slapshot by Corey Perry.
6:19 of 2nd period - Shot Misses the Net.
6:23 of 2nd period - Snap shot by Corey Perry.
6:23 of 2nd period - Stopped by Jonathan Bernier without a rebound.
6:24 of 2nd period - Derek Roy wins face-off versus Evgeni Malkin in Senateurs zone.
6:35 of 2nd period - Snap shot by Michael Frolik.
6:35 of 2nd period - Stopped by Tuukka Rask without a rebound.
6:36 of 2nd period - Sidney Crosby wins face-off versus Jordan Staal in Blackhawks zone.
6:37 of 2nd period - Snap shot by David Backes.
6:37 of 2nd period - Shot Blocked by Jordan Staal.
7:00 of 2nd period - Minor Penalty to Corey Perry for Interference.
7:01 of 2nd period - Sidney Crosby wins face-off versus Johnny Gaudreau in Blackhawks zone.
7:02 of 2nd period - Snap shot by David Backes.
7:02 of 2nd period - Deflect By Brandon Sutter.
7:02 of 2nd period - Stopped by Tuukka Rask without a rebound.
7:03 of 2nd period - Johnny Gaudreau wins face-off versus Sidney Crosby in Blackhawks zone.
7:36 of 2nd period - Slapshot by Jared Cowen.
7:36 of 2nd period - Stopped by Tuukka Rask without a rebound.
7:37 of 2nd period - Sidney Crosby wins face-off versus Johnny Gaudreau in Blackhawks zone.
7:38 of 2nd period - Wrist shot by David Backes.
7:38 of 2nd period - Goal by David Backes - Senateurs : 2 - Blackhawks : 1.
7:39 of 2nd period - Jordan Staal wins face-off versus Sidney Crosby in neutral zone.
7:50 of 2nd period - Snap shot by Sidney Crosby.
7:50 of 2nd period - Shot Blocked by Jakob Silfverberg.
7:52 of 2nd period - Snap shot by Sidney Crosby.
7:52 of 2nd period - Shot Misses the Net.
8:04 of 2nd period - Jared Cowen is hit by Radko Gudas and loses puck.
8:24 of 2nd period - Icing by Jason Akeson.
8:25 of 2nd period - James Wright wins face-off versus Brandon Sutter in Senateurs zone.
8:50 of 2nd period - Wrist shot by Tim Schaller.
8:50 of 2nd period - Shot Blocked by Raphael Diaz.
8:52 of 2nd period - Snap shot by Eric Gelinas.
8:52 of 2nd period - Stopped by Tuukka Rask without a rebound.
8:53 of 2nd period - Sean Bergenheim wins face-off versus Derek Roy in Blackhawks zone.
8:54 of 2nd period - Snap shot by Sidney Crosby.
8:54 of 2nd period - Stopped by Tuukka Rask without a rebound.
8:55 of 2nd period - Sidney Crosby wins face-off versus Jordan Staal in Blackhawks zone.
9:19 of 2nd period - Icing by Jared Cowen.
9:20 of 2nd period - Derek Roy wins face-off versus Sidney Crosby in Senateurs zone.
10:28 of 2nd period - Minor Penalty to Jason Akeson for Goalie Interference.
10:29 of 2nd period - Jordan Staal wins face-off versus Sidney Crosby in Senateurs zone.
10:41 of 2nd period - Snap shot by Jakob Silfverberg.
10:41 of 2nd period - Goal by Jakob Silfverberg - Senateurs : 2 - Blackhawks : 2.
10:42 of 2nd period - David Backes wins face-off versus Jakob Silfverberg in neutral zone.
10:45 of 2nd period - Slapshot by Eric Gelinas.
10:45 of 2nd period - Shot Misses the Net.
11:12 of 2nd period - Wrist shot by Evgeni Malkin.
11:12 of 2nd period - Stopped by Tuukka Rask without a rebound.
11:13 of 2nd period - Derek Roy wins face-off versus Evgeni Malkin in Blackhawks zone.
11:37 of 2nd period - Snap shot by Evgeni Malkin.
11:37 of 2nd period - Shot Misses the Net.
11:39 of 2nd period - Snap shot by Michael Frolik.
11:39 of 2nd period - Goal by Michael Frolik - Senateurs : 3 - Blackhawks : 2.
11:40 of 2nd period - Jordan Staal wins face-off versus Sidney Crosby in neutral zone.
11:42 of 2nd period - Jamie McBain is hit by Jared Cowen and loses puck.
11:58 of 2nd period - Icing by Jakob Silfverberg.
11:59 of 2nd period - Evgeni Malkin wins face-off versus Jordan Staal in Blackhawks zone.
12:04 of 2nd period - Snap shot by Evgeni Malkin.
12:04 of 2nd period - Shot Blocked by Radko Gudas.
12:06 of 2nd period - Slapshot by Evgeni Malkin.
12:06 of 2nd period - Shot Blocked by Radko Gudas.
12:08 of 2nd period - Snap shot by Rostislav Olesz.
12:08 of 2nd period - Stopped by Tuukka Rask without a rebound.
12:09 of 2nd period - Jordan Staal wins face-off versus Evgeni Malkin in Blackhawks zone.
12:17 of 2nd period - Minor Penalty to Johnny Gaudreau for Tripping.
12:18 of 2nd period - Sidney Crosby wins face-off versus Antoine Roussel in Blackhawks zone.
12:24 of 2nd period - Snap shot by Sidney Crosby.
12:24 of 2nd period - Shot Blocked by Radko Gudas.
12:26 of 2nd period - Snap shot by Brandon Sutter.
12:26 of 2nd period - Shot Blocked by Jamie McBain.
12:28 of 2nd period - Wrist shot by Sidney Crosby.
12:28 of 2nd period - Goal by Sidney Crosby - Senateurs : 4 - Blackhawks : 2.
12:29 of 2nd period - Jordan Staal wins face-off versus Sidney Crosby in neutral zone.
12:34 of 2nd period - Slapshot by Jamie McBain.
12:34 of 2nd period - Shot Blocked by Sidney Crosby.
12:56 of 2nd period - Antoine Roussel is hit by Rostislav Olesz.
13:54 of 2nd period - Minor Penalty to Garnet Hathaway for Holding.
13:55 of 2nd period - Jordan Staal wins face-off versus Evgeni Malkin in Senateurs zone.
14:02 of 2nd period - Snap shot by Johnny Gaudreau.
14:02 of 2nd period - Shot Blocked by Rostislav Olesz.
14:22 of 2nd period - Derek Roy is hit by Rostislav Olesz and loses puck.
14:29 of 2nd period - Snap shot by Rostislav Olesz.
14:29 of 2nd period - Stopped by Tuukka Rask with a rebound.
15:21 of 2nd period - Ladislav Smid is hit by Jordan Staal and loses puck.
15:54 of 2nd period - Penalty to Garnet Hathaway is over, Garnet Hathaway is back on ice.
16:02 of 2nd period - Wrist shot by Nick Bonino.
16:02 of 2nd period - Stopped by Jonathan Bernier with a rebound.
16:04 of 2nd period - Snap shot by Ben Harpur.
16:04 of 2nd period - Stopped by Jonathan Bernier with a rebound.
16:06 of 2nd period - Slapshot by Nick Bonino.
16:06 of 2nd period - Stopped by Jonathan Bernier without a rebound.
16:07 of 2nd period - Brandon Sutter wins face-off versus James Wright in Senateurs zone.
16:07 of 2nd period - Brandon Sutter is hit by Brett Maclean.
16:47 of 2nd period - Wrist shot by David Backes.
16:47 of 2nd period - Stopped by Tuukka Rask without a rebound.
16:48 of 2nd period - Jordan Staal wins face-off versus Evgeni Malkin in Blackhawks zone.
16:53 of 2nd period - Wrist shot by Radko Gudas.
16:53 of 2nd period - Stopped by Jonathan Bernier without a rebound.
16:54 of 2nd period - Evgeni Malkin wins face-off versus Jordan Staal in Senateurs zone.
17:03 of 2nd period - Snap shot by Evgeni Malkin.
17:03 of 2nd period - Stopped by Tuukka Rask without a rebound.
17:04 of 2nd period - Sidney Crosby wins face-off versus Jordan Staal in Blackhawks zone.
17:43 of 2nd period - Backhand shot by Evgeni Malkin.
17:43 of 2nd period - Shot Misses the Net.
17:57 of 2nd period - Slapshot by Jamie McBain.
17:57 of 2nd period - Stopped by Jonathan Bernier with a rebound.
18:03 of 2nd period - Slapshot by Jeff Woywitka.
18:03 of 2nd period - Stopped by Tuukka Rask without a rebound.
18:04 of 2nd period - Sidney Crosby wins face-off versus Jordan Staal in Blackhawks zone.
18:29 of 2nd period - Wrist shot by Jason Akeson.
18:29 of 2nd period - Stopped by Tuukka Rask with a rebound.
18:54 of 2nd period - Snap shot by Derek Roy.
18:54 of 2nd period - Shot Misses the Net.
19:03 of 2nd period - Minor Penalty to Derek Roy for Holding.
19:04 of 2nd period - Sidney Crosby wins face-off versus Johnny Gaudreau in Blackhawks zone.
Goals for this period are 4 for Senateurs vs 1 for Blackhawks.
Shots for this period are 17 for Senateurs vs 11 for Blackhawks.
3rd period
0:01 of 3rd period - Johnny Gaudreau wins face-off versus Sidney Crosby in neutral zone.
0:17 of 3rd period - Slapshot by Jared Cowen.
0:17 of 3rd period - Stopped by Tuukka Rask with a rebound.
0:35 of 3rd period - Snap shot by Michael Frolik.
0:35 of 3rd period - Shot Blocked by Jordan Staal.
1:03 of 3rd period - Penalty to Derek Roy is over, Derek Roy is back on ice.
1:15 of 3rd period - Slapshot by Ladislav Smid.
1:15 of 3rd period - Stopped by Tuukka Rask with a rebound.
2:25 of 3rd period - Icing by Antoine Roussel.
2:26 of 3rd period - Evgeni Malkin wins face-off versus James Wright in Blackhawks zone.
2:57 of 3rd period - Wrist shot by Antoine Roussel.
2:57 of 3rd period - Stopped by Jonathan Bernier without a rebound.
2:58 of 3rd period - Derek Roy wins face-off versus Sidney Crosby in Senateurs zone.
3:06 of 3rd period - Minor Penalty to Antoine Roussel for Hooking.
3:07 of 3rd period - Johnny Gaudreau wins face-off versus Sidney Crosby in Blackhawks zone.
3:07 of 3rd period - Johnny Gaudreau is hit by Eric Gelinas.
3:18 of 3rd period - Snap shot by Johnny Gaudreau.
3:18 of 3rd period - Stopped by Jonathan Bernier without a rebound.
3:19 of 3rd period - Sidney Crosby wins face-off versus Johnny Gaudreau in Senateurs zone.
3:26 of 3rd period - James Wright is hit by Sidney Crosby and loses puck.
3:49 of 3rd period - Radko Gudas is hit by Jared Cowen and loses puck.
5:06 of 3rd period - Penalty to Antoine Roussel is over, Antoine Roussel is back on ice.
5:22 of 3rd period - Minor Penalty to Cody Eakin for Charging.
5:23 of 3rd period - Jordan Staal wins face-off versus Evgeni Malkin in Senateurs zone.
6:07 of 3rd period - Jakob Silfverberg is hit by Sean Bergenheim and loses puck.
7:21 of 3rd period - Icing by Jamie McBain.
7:22 of 3rd period - Penalty to Cody Eakin is over, Cody Eakin is back on ice.
7:22 of 3rd period - Brandon Sutter wins face-off versus Corey Perry in Blackhawks zone.
8:26 of 3rd period - Wrist shot by Jakob Silfverberg.
8:26 of 3rd period - Goal by Jakob Silfverberg - Senateurs : 4 - Blackhawks : 3.
8:27 of 3rd period - Sidney Crosby wins face-off versus Jakob Silfverberg in neutral zone.
8:27 of 3rd period - Sidney Crosby is hit by Johnny Gaudreau.
8:38 of 3rd period - Minor Penalty to Sean Zimmerman for Tripping.
8:39 of 3rd period - Johnny Gaudreau wins face-off versus Sidney Crosby in Blackhawks zone.
8:51 of 3rd period - Snap shot by Jared Cowen.
8:51 of 3rd period - Goal by Jared Cowen - Senateurs : 5 - Blackhawks : 3.
8:52 of 3rd period - Jordan Staal wins face-off versus Sidney Crosby in neutral zone.
8:59 of 3rd period - Wrist shot by Johnny Gaudreau.
8:59 of 3rd period - Shot Blocked by Ladislav Smid.
9:01 of 3rd period - Wrist shot by Jordan Staal.
9:01 of 3rd period - Shot Blocked by Ladislav Smid.
9:15 of 3rd period - Minor Penalty to Jared Cowen for Tripping.
9:16 of 3rd period - Sidney Crosby wins face-off versus Jordan Staal in Senateurs zone.
9:21 of 3rd period - Radko Gudas is hit by Jeff Woywitka and loses puck.
11:15 of 3rd period - Penalty to Jared Cowen is over, Jared Cowen is back on ice.
11:44 of 3rd period - Nick Bonino is hit by Garnet Hathaway and loses puck.
12:21 of 3rd period - Wrist shot by Brandon Sutter.
12:21 of 3rd period - Shot Blocked by Raphael Diaz.
13:08 of 3rd period - Off-side.
13:09 of 3rd period - Sidney Crosby wins face-off versus Stefan Matteau in neutral zone.
13:18 of 3rd period - Stefan Matteau is hit by Sean Bergenheim and loses puck.
13:29 of 3rd period - Stefan Matteau is hit by Garnet Hathaway.
14:41 of 3rd period - Snap shot by Blake Wheeler.
14:41 of 3rd period - Stopped by Jonathan Bernier with a rebound.
14:43 of 3rd period - Wrist shot by James Wright.
14:43 of 3rd period - Stopped by Jonathan Bernier with a rebound.
14:45 of 3rd period - Slapshot by Ben Harpur.
14:45 of 3rd period - Shot Blocked by Jared Cowen.
14:49 of 3rd period - Snap shot by Blake Wheeler.
14:49 of 3rd period - Shot Blocked by Jared Cowen.
14:51 of 3rd period - Wrist shot by Blake Wheeler.
14:51 of 3rd period - Stopped by Jonathan Bernier without a rebound.
14:52 of 3rd period - Jakob Silfverberg wins face-off versus Evgeni Malkin in Senateurs zone.
15:35 of 3rd period - Icing by Evgeni Malkin.
15:36 of 3rd period - Evgeni Malkin wins face-off versus James Wright in Senateurs zone.
15:43 of 3rd period - Wrist shot by Jeff Woywitka.
15:43 of 3rd period - Deflect By Evgeni Malkin.
15:43 of 3rd period - Shot Blocked by Raphael Diaz.
15:43 of 3rd period - Puck is out of play.
15:44 of 3rd period - James Wright wins face-off versus Brandon Sutter in Blackhawks zone.
15:53 of 3rd period - Wrist shot by James Wright.
15:53 of 3rd period - Shot Misses the Net.
16:11 of 3rd period - Jared Cowen is hit by Sean Zimmerman and loses puck.
16:22 of 3rd period - Backhand shot by Brett Maclean.
16:22 of 3rd period - Shot Misses the Net.
16:38 of 3rd period - Wrist shot by Blake Wheeler.
16:38 of 3rd period - Deflect By James Wright.
16:38 of 3rd period - Stopped by Jonathan Bernier without a rebound.
16:39 of 3rd period - Jordan Staal wins face-off versus Sidney Crosby in Senateurs zone.
16:58 of 3rd period - Minor Penalty to David Backes for Roughing.
16:59 of 3rd period - Evgeni Malkin wins face-off versus Jordan Staal in Senateurs zone.
17:11 of 3rd period - Wrist shot by Jordan Staal.
17:11 of 3rd period - Shot Misses the Net.
17:13 of 3rd period - Slapshot by Jamie McBain.
17:13 of 3rd period - Shot Misses the Net.
17:15 of 3rd period - Snap shot by Jamie McBain.
17:15 of 3rd period - Shot Blocked by Jeff Woywitka.
17:25 of 3rd period - Evgeni Malkin is hit by Antoine Roussel and loses puck.
18:58 of 3rd period - Penalty to David Backes is over, David Backes is back on ice.
19:36 of 3rd period - Slapshot by Jason Akeson.
19:36 of 3rd period - Stopped by Tuukka Rask with a rebound.
Goals for this period are 1 for Senateurs vs 1 for Blackhawks.
Shots for this period are 4 for Senateurs vs 7 for Blackhawks.